 Dungeon Crawl Stone Soup version 0.17-a0-1403-g9df874c (webtiles) character file.

60 urechis the Poker (level 4, -1/33 HPs)
             Began as a Merfolk Gladiator on June 19, 2015.
             Slain by a gnoll
             ... wielding a +0 flail
              (7 damage)
             ... on level 2 of the Dungeon on June 20, 2015.
             The game lasted 00:04:32 (1631 turns).

urechis the Poker (Merfolk Gladiator)               Turns: 1631, Time: 00:04:32

Health: -1/33      AC:  5    Str: 15    XL:     4   Next: 4%
Magic:  4/4        EV: 13    Int:  7    God:
Gold:   59         SH:  0    Dex: 15    Spells: 0 memorised, 3 levels left

rFire  . . .     SeeInvis .     a - +0 trident
rCold  . . .     Clarity  .     b - +0 leather armour
rNeg   . . .     SustAt   .     (no shield)
rPois  .         Gourm    .     c - +0 helmet
rElec  .         Spirit   .     j - +0 cloak
rCorr  .         Warding  .     (no gloves)
rMut   .         Stasis   .     (no boots)
MR     .....                    (no amulet)
Stlth  +.........               (no ring)
                                (no ring)

@: not resistant to hostile enchantments, very unstealthy
A: change form in water, swift swim
a: no special abilities


You were on level 2 of the Dungeon.
You were not hungry.

You visited 1 branch of the dungeon, and saw 2 of its levels.

You collected 59 gold pieces.

Inventory:

Hand weapons
 a - a +0 trident (weapon)
Missiles
 e - 4 throwing nets (quivered)
Armour
 b - a +0 leather armour (worn)
 c - a +0 helmet (worn)
 j - a +0 cloak (worn)
Scrolls
 g - a scroll of amnesia {unknown}
 i - a scroll of remove curse {unknown}
 k - 2 scrolls of blinking {unknown}
 m - 3 scrolls of recharging {unknown}
 n - a scroll of identify {unknown}
Potions
 f - 2 potions of agility {unknown}
 h - a potion of degeneration {unknown}
Comestibles
 d - 2 bread rations
 l - 2 meat rations
 o - a slice of pizza


   Skills:
 - Level 2.1 Fighting
 + Level 7.0 Polearms
 - Level 2.0 Throwing
 - Level 4.0 Dodging


You had 3 spell levels left.
You didn't know any spells.

Dungeon Overview and Level Annotations

Branches:
Dungeon (2/15)

Altars:


Message History

The gnoll hits you with a flail. The gnoll misses you.
The gnoll closely misses you.
Attack whom?
Press: ? - help, Dir - move target cursor, f/p - gnoll
Aim: a gnoll, wielding a halberd (moderately wounded)
You reach to attack!
You hit the gnoll but do no damage.
The gnoll is moderately wounded.
The gnoll hits you with a flail! The gnoll hits you with a club.
* * * LOW HITPOINT WARNING * * *
The gnoll completely misses you.
Attack whom?
Press: ? - help, Dir - move target cursor, f/p - gnoll
Aim: a gnoll, wielding a halberd (moderately wounded)
You reach to attack!
You hit the gnoll but do no damage.
The gnoll is moderately wounded.
The gnoll hits you but does no damage. The gnoll completely misses you.
You barely miss the gnoll.
The gnoll is severely wounded.
The gnoll completely misses you. The gnoll hits you with a flail!
You die...

##.....## ##...## #. .
##+## #. ##. # ##.####
#..#...# ##.....#
#..#.#.# ##.(.##.#
#..#.#.#
#...#.#.#####......##.#
....#.......##..ggg...#
...##.#.###.# #@#
..##..#.# #.####.#
.##.....# #......#
##...#### ########
#....# .....# ...#.#
..##.# .###.#


You could see 3 gnolls.

Vanquished Creatures
  2 adders (D:2)
  An ooze (D:1)
  A worm (D:2)
  4 hobgoblins
  7 kobolds
  A quokka (D:2)
  6 bats
  4 giant cockroaches (D:1)
  A giant gecko (D:2)
  2 giant newts
  2 goblins
  5 rats
36 creatures vanquished.

Notes
Turn   | Place    | Note
--------------------------------------------------------------
     0 | D:1      | urechis the Merfolk Gladiator began the quest for the Orb.
     0 | D:1      | Reached XP level 1. HP: 16/16 MP: 1/1
   109 | D:1      | Reached skill level 5 in Polearms
   118 | D:1      | Reached XP level 2. HP: 9/22 MP: 2/2
   458 | D:1      | Reached XP level 3. HP: 27/27 MP: 3/3
   505 | D:1      | Reached skill level 6 in Polearms
   695 | D:1      | Upgraded the game from 0.17-a0-1399-gd5b76e1 to 0.17-a0-1403-g9df874c
  1340 | D:2      | Reached XP level 4. HP: 30/33 MP: 4/4
  1446 | D:2      | Reached skill level 7 in Polearms
  1631 | D:2      | Slain by a gnoll

Vault maps used:
D:1:      minmay_arrival_up_and_down, wad_floor_pattern_untrapped
D:2:      elyvilon_altar_5, nrook_mini_backslash, serial_park_tiny_2,
          grunt_ministairs_5

Action                   |  1- 3 |  4- 6 || total
-------------------------+-------+-------++-------
Melee: Trident           |   125 |    21 ||   146
 Stab: Sleeping          |     2 |       ||     2
  Eat: Chunk             |     1 |     1 ||     2
